 Dungeon Crawl Stone Soup version 0.28-a0-1493-g08698888e4 (webtiles) character file.

Game seed: 226331898965819862

8 knot the Chopper (level 2, 24/24 HPs)
             Began as a Demonspawn Berserker on Jan 13, 2022.
             Was a Follower of Trog.
             Quit the game on level 1 of the Dungeon.
             The game lasted 00:00:16 (755 turns).

knot the Chopper (Demonspawn Berserker)              Turns: 755, Time: 00:00:17

Health: 24/24      AC:  2    Str: 17    XL:     2   Next: 0%
Magic:  2/2        EV: 12    Int:  8    God:    Trog [*.....]
Gold:   11         SH:  4    Dex: 12    Spells: 1/1 levels left

rFire   . . .      SeeInvis .   a - +0 hand axe
rCold   . . .      Faith    .   (no shield)
rNeg    . . .      Spirit   .   b - +0 animal skin
rPois   .          Reflect  .   (no helmet)
rElec   .          Harm     .   (no cloak)
rCorr   .          Rampage  .   (no gloves)
Will    .....                   (no boots)
Stlth   +.........              (no amulet)
HPRegen 0.08/turn               (no ring)
MPRegen 0.08/turn               (no ring)

@: no status effects
A: condensation shield
a: Renounce Religion, Berserk


You were on level 1 of the Dungeon.
You worshipped Trog.
Trog was aware of your devotion.
You visited 1 branch of the dungeon, and saw 1 of its levels.

You collected 11 gold pieces.

Inventory:

Hand Weapons
 a - a +0 hand axe (weapon)
Missiles
 c - 35 stones (quivered)
Armour
 b - a +0 animal skin (worn)
Jewellery
 e - an amulet of regeneration
Potions
 d - a potion of mutation {unknown}
 f - a potion of cancellation {unknown}


   Skills:
 - Level 3.0 Fighting
 + Level 3.2 Axes
 - Level 1.7 Armour
 - Level 1.7 Dodging


You had one spell level left.
You didn't know any spells.
Your spell library was empty.

Dungeon Overview and Level Annotations

Branches:
Dungeon (1/15)

Altars:


Innate Abilities, Weirdness & Mutations

A meltable shield of frost defends you. (SH +4)


Message History

No target in view!
No target in view!
No target in view!
HP restored.
A giant cockroach comes into view.
A giant cockroach is nearby!
No target in view!
No target in view!
No target in view!
No target in view!
You closely miss the giant cockroach. The giant cockroach bites you. x2
You closely miss the giant cockroach.
The giant cockroach bites you but does no damage.
You hit the giant cockroach.
The giant cockroach is lightly wounded.
The giant cockroach barely misses you.
You hit the giant cockroach but do no damage.
The giant cockroach is lightly wounded.
The giant cockroach misses you. The giant cockroach barely misses you.
You slash the giant cockroach!
You kill the giant cockroach!
Trog accepts your kill.
No target in view!
No target in view!
No target in view!
No target in view!
A frilled lizard comes into view.
The frilled lizard hisses angrily.
A kobold comes into view. It is wielding a +0 dagger.
A kobold is nearby!
You barely miss the frilled lizard.
The kobold shouts!
The frilled lizard barely misses you.
You hit the frilled lizard.
You kill the frilled lizard!
Trog accepts your kill.
You have reached level 2!
Your demonic ancestry asserts itself...
Frost condenses into a shield before you.
Are you sure you want to abandon this character and quit the game? (Confirm with "yes".)

#..... .# .....#.
...... ..... #
..K## #...##.####
... #.........# #.#
#......##.###@#
#......##.....#
#......+......#
###......###..#.#
........##...#...
..#........###.##
#.##+#.##......#
#.##.##......######
#.##......####


You could see a kobold.

Vanquished Creatures
  2 endoplasms (D:1)
  2 giant cockroaches (D:1)
  A kobold (D:1)
  A frilled lizard (D:1)
  A rat (D:1)
7 creatures vanquished.

Notes
Turn   | Place    | Note
-------+----------+-------------------------------------------
     0 | D:1      | knot the Demonspawn Berserker began the quest for the Orb.
     0 | D:1      | Reached XP level 1. HP: 18/18 MP: 1/1
   755 | D:1      | Gained mutation: A meltable shield of frost defends you.
                  | (SH +4) [demonic ancestry]
   755 | D:1      | Reached XP level 2. HP: 24/24 MP: 2/2
   755 | D:1      | Quit the game

Illustrated notes

Levels and vault maps discovered:
D:1:      dpeg_arrival_oval, layout_basic

Skill      XL: |  1 |
---------------+----+-----
Axes           | 3 |  3.2
Fighting       | |  3.0
Armour         | |  1.7
Dodging        | |  1.7

Action                   || total
-------------------------++-------
Melee: Hand axe          ||    20
Invok: Berserk           ||     1
Armor: Animal skin       ||     3
Dodge: Dodged            ||    12

Table legend: (Time is in decaauts)
 A = Elapsed time spent in this place.
 B = Non-inter-level travel time spent in this place.
 C = Inter-level travel time spent in this place.
 D = Time resting spent in this place.
 E = Time spent auto-exploring this place.
 F = Levels seen in this place.
 G = Mean time per level.
                   A        B        C        D        E       F      G
               +--------+--------+--------+--------+--------+-----+--------+
         Total |    771 |    771 |      0 |    288 |    431 |   1 |  771.0 |
       Dungeon |    771 |    771 |      0 |    288 |    431 |   1 |  771.0 |
               +--------+--------+--------+--------+--------+-----+--------+

Top non-repeatable levels by time:
     D:1: 771 daAuts
